 Dungeon Crawl Stone Soup version 0.18.1-48-g4cf74bf (webtiles) character file.

31827 lorenzova the Eclecticist (level 13, -17/63 HPs)
             Began as a Deep Elf Conjurer on July 28, 2016.
             Was a High Priest of Vehumet.
             Demolished by a black mamba (18 damage)
             ... on level 6 of the Lair of Beasts.
             The game lasted 01:05:26 (21697 turns).

lorenzova the Eclecticist (Deep Elf Conjurer)      Turns: 21697, Time: 01:05:27

Health: -17/63     AC: 11    Str: 11    XL:     13   Next: 28%
Magic:  31/55      EV: 12    Int: 31    God:    Vehumet [*****.]
Gold:   1282       SH:  7    Dex: 15    Spells: 8 memorised, 22 levels left

rFire  . . .     SeeInvis .     i - +1 falchion "Beast's Death Toll" {drain, Str+3 Int+5 Stlth-} (curse)
rCold  . . .     Gourm    .     O - +1 leather armour of the Skies Above {Str+3}
rNeg   . . .     Faith    .     K - +2 buckler
rPois  .         Spirit   .     E - +2 hat {MR+}
rElec  .         Dismiss  +     w - +0 cloak
rCorr  .         Reflect  .     Z - +0 pair of gloves
SustAt .         Harm     .     R - +2 pair of boots
MR     ++...                    W - amulet of dismissal
Stlth  +.........               F - ring of magical power
                                e - ring of magical power

@: lethally poisoned (-17 -> -33), swift, very quick, very resistant to hostile
enchantments, very unstealthy
A: horns 1, blurry vision 1, wild magic 1
a: Renounce Religion


You were on level 6 of the Lair of Beasts.
You worshipped Vehumet.
Vehumet was extremely pleased with you.
You were not hungry.

You visited 3 branches of the dungeon, and saw 17 of its levels.
You also visited: Ossuary.

You collected 1282 gold pieces.

Inventory:

Hand Weapons
 i - the cursed +1 falchion "Beast's Death Toll" (weapon) {drain, Str+3 Int+5 Stlth-}
   (You found it on level 3 of the Lair of Beasts)

   A truly terrible weapon, it drains the life of those it strikes.
   It affects your strength (+3).
   It affects your intelligence (+5).
   It makes you less stealthy.
   It has a curse placed upon it.
Armour
 w - a +0 cloak (worn)
 E - a +2 hat of magic resistance (worn)
 K - a +2 buckler (worn)
 O - the +1 leather armour of the Skies Above (worn) {Str+3}
   (You found it on level 1 of the Lair of Beasts)

   It affects your strength (+3).
 R - a +2 pair of boots (worn)
 Z - a +0 pair of gloves (worn)
Jewellery
 e - a ring of magical power (left hand)
 f - an uncursed ring of ice
 F - a ring of magical power (right hand)
 U - an uncursed ring of fire
 W - an amulet of dismissal (around neck)
Wands
 q - a wand of iceblast (9/15)
 D - a wand of digging (8/24)
 H - a wand of confusion (35/48)
 X - a wand of hasting (6/9)
Scrolls
 a - 4 scrolls of identify
 k - 3 scrolls of fear
 l - a scroll of magic mapping
 o - 3 scrolls of amnesia
 y - 5 scrolls of recharging
 B - 3 scrolls of teleportation
 I - 2 scrolls of enchant armour
 M - 11 scrolls of remove curse
 N - a scroll of blinking
 S - 2 scrolls of fog
 T - 5 scrolls of enchant weapon
Potions
 g - 6 potions of berserk rage
 h - 3 potions of resistance
 j - 5 potions of agility
 m - 3 potions of flight
 n - 4 potions of lignification
 r - 2 potions of cure mutation
 t - 4 potions of magic
 v - 3 potions of brilliance
 x - 2 potions of invisibility
 z - 10 potions of curing
 Q - 5 potions of might
 V - 5 potions of haste
 Y - 3 potions of heal wounds
Books
 p - a book of the Dragon

   Spells                             Type                      Level
   a - Flame Tongue                   Conjuration/Fire             1
   b - Cause Fear                     Hexes                        4
   c - Bolt of Fire                   Conjuration/Fire             6
   d - Dragon Form                    Transmutation                7
   e - Dragon's Call                  Summoning                    9
Comestibles
 b - 3 meat rations
 c - 9 bread rations
 d - 2 slices of pizza


   Skills:
 - Level 2.4 Dodging
 - Level 2.4 Stealth
 * Level 5.0 Shields
 + Level 18.4 Spellcasting
 + Level 16.3 Conjurations
 - Level 3.0 Hexes
 - Level 3.8 Charms
 - Level 2.4 Air Magic


You had 22 spell levels left.
You knew the following spells:

 Your Spells              Type           Power        Failure   Level  Hunger
a - Magic Dart            Conj           ####         1%          1    None
b - Iskenderun's Battles  Conj/Chrm      #######.     1%          5    None
c - Iskenderun's Mystic   Conj           ########     1%          4    None
d - Lightning Bolt        Conj/Air       #######...   1%          5    None
e - Swiftness             Chrm/Air       ######..     1%          2    None
f - Slow                  Hex            ######..     1%          2    None
g - Bolt of Fire          Conj/Fire      #######...   4%          6    None
z - Flame Tongue          Conj/Fire      #####        1%          1    None


Dungeon Overview and Level Annotations

Branches:
Dungeon (10/15)            Temple (1/1) D:6            Lair (6/8) D:9
  Snake (0/4) Lair:6        Slime (0/6) Lair:6
  Swamp: Lair:3-6    Shoals: Lair:3-6       Orc: D:9-12

Altars:
Ashenzari
Cheibriados
Dithmenos
Elyvilon
Fedhas
Gozag
Kikubaaqudgha
Makhleb
Nemelex Xobeh
Okawaru
Pakellas
Qazlal
Ru
Sif Muna
Trog
Vehumet
Xom
Yredelemnul
Zin
The Shining One
Jiyva

Shops:
D:10 (


Innate Abilities, Weirdness & Mutations

You have a pair of small horns on your head.
Scrolls take you a little longer to read.
Your spells are a little harder to cast, but a little more powerful.


Message History

* * * LOW HITPOINT WARNING * * *
You block the water moccasin's attack. You block the black mamba's attack.
The water moccasin bites the plant.
The black mamba bites you!
* * * LOW HITPOINT WARNING * * *
You are lethally poisoned!
The black mamba poisons you!
Drink which item? (? for menu, Esc to quit)
You feel much better.
You feel sick. The black mamba misses you. The adder bites you.
* * * LOW HITPOINT WARNING * * *
The black mamba bites you.
* * * LOW HITPOINT WARNING * * *
Drink which item? (? for menu, Esc to quit)
You feel better. The black mamba bites you!
* * * LOW HITPOINT WARNING * * *
You are lethally poisoned!
The black mamba poisons you! You block the adder's attack.
You block the water moccasin's attack. The black mamba bites you!!
You die...

#.....#.........
######.......#######
.. .........#
........... ..
.#...†..#P... ..
#.###...##..... ...
# #.### #.P.. ... ..
###. ...


You could see a black mamba, a water moccasin and 2 adders.

Vanquished Creatures
  Gastronok (Lair:1)
  Snorg (D:10)
  A hydra (Lair:5)
  A catoblepas (Lair:5)
  Erica (D:8)
  Urug (D:10)
  2 elephants
  Maurice (D:10)
  6 black mambas
  5 spiny frogs
  Psyche (D:8)
  2 rime drakes
  5 komodo dragons
  3 polar bears
  A troll (D:9)
  11 blink frogs
  Prince Ribbit (D:7)
  Sigmund (D:6)
  A spriggan (Lair:4)
  39 yaks
  2 basilisks
  A wyvern (Lair:5)
  5 hippogriffs
  11 water moccasins
  3 porcupines
  2 black bears
  3 ice beasts
  3 orc warriors
  4 phantoms
  4 necrophages (D:6)
  A sky beast (D:7)
  A wasp (D:7)
  9 ogres
  2 centaurs
  9 wolves
  13 crocodiles
  The ghost of Britaniac the Firebug, an amateur DEFE (D:3)
  10 giant frogs
  3 scorpions
  A wyvern skeleton (D:10)
  9 wights
  2 electric eels
  A troll skeleton (D:10)
  2 howler monkeys
  2 crimson imps
  A bog body (Ossuary)
  2 spriggan skeletons (D:10)
  7 giant frog zombies
  7 jellies
  4 centaur zombies
  4 orc priests
  6 centaur skeletons
  7 hounds
  3 giant frog skeletons
  12 iguanas
  Natasha (thrice) (D:2)
  5 orc wizards
  7 worker ants
  2 killer bee zombies (Ossuary)
  13 sheep
  2 hound zombies
  9 mummies (Ossuary)
  2 howler monkey zombies
  4 worker ant zombies (Ossuary)
  6 gnolls
  A howler monkey skeleton (D:4)
  15 adders
  42 river rats
  2 oozes
  3 adder zombies
  An adder skeleton (D:9)
  2 worms (D:2)
  A dart slug (D:1)
  4 giant geckos
  31 orcs
  9 bats
  4 giant cockroaches
  5 goblins
  10 hobgoblins
  14 jackals
  5 kobolds
  7 quokkas
  3 ball pythons (Lair:6)
  A ball python zombie (Ossuary)
  A giant cockroach zombie (D:6)
  A giant gecko zombie (D:6)
  3 giant newts
  3 jackal zombies (Ossuary)
  A quokka skeleton (D:6)
  A quokka zombie (Ossuary)
  13 rats
  A plant (Lair:5)
479 creatures vanquished.

Vanquished Creatures (others)
  A bush (D:6)
  3 fungi
  8 plants
  3 withered plants (Ossuary)
15 creatures vanquished.

Grand Total: 494 creatures vanquished

Notes
Turn   | Place    | Note
--------------------------------------------------------------
     0 | D:1      | lorenzova the Deep Elf Conjurer began the quest for the Orb.
     0 | D:1      | Reached XP level 1. HP: 10/10 MP: 6/6
   431 | D:1      | Reached XP level 2. HP: 15/15 MP: 8/8
   849 | D:1      | Reached skill level 4 in Spellcasting
   851 | D:1      | Reached skill level 5 in Conjurations
   851 | D:1      | Reached XP level 3. HP: 19/19 MP: 10/10
  1772 | D:2      | Found a glowing golden altar of the Shining One.
  1799 | D:2      | Reached XP level 4. HP: 24/24 MP: 12/12
  1805 | D:2      | Learned a level 4 spell: Iskenderun's Mystic Blast
  2062 | D:2      | Noticed Natasha
  2066 | D:2      | Killed Natasha
  2066 | D:2      | Reached skill level 5 in Spellcasting
  2342 | D:2      | Noticed Natasha
  2345 | D:2      | Killed Natasha
  2345 | D:2      | Reached XP level 5. HP: 28/28 MP: 14/14
  2586 | D:2      | Noticed Natasha
  2590 | D:2      | Killed Natasha
  2882 | D:3      | Found a sparkling altar of Nemelex Xobeh.
  3100 | D:3      | Noticed Britaniac's ghost (amateur DEFE)
  3109 | D:3      | Killed Britaniac's ghost
  3109 | D:3      | Reached skill level 6 in Spellcasting
  3629 | D:3      | Reached XP level 6. HP: 32/32 MP: 17/17
  4407 | D:3      | Found a bloodstained altar of Trog.
  5006 | D:3      | Reached skill level 7 in Spellcasting
  5326 | D:4      | Reached XP level 7. HP: 21/36 MP: 19/19
  5855 | D:4      | Reached skill level 8 in Spellcasting
  6291 | D:5      | Entered Level 5 of the Dungeon
  6625 | D:5      | Got a twisted halberd {chop}
  6626 | D:5      | Identified the +7 halberd "Urup" {chop, rPois rF+ Str+3} (You took it off an orc on level 5 of the Dungeon)
  6890 | D:5      | Found a shadowy altar of Dithmenos.
  7182 | D:6      | Reached skill level 9 in Spellcasting
  7184 | D:6      | Reached XP level 8. HP: 35/41 MP: 19/23
  7303 | D:6      | Found a staircase to the Ecumenical Temple.
  7312 | Temple   | Entered the Ecumenical Temple
  7318 | Temple   | Became a worshipper of Vehumet
  7362 | D:6      | Found a sand-covered staircase.
  7558 | Ossuary  | Entered an ossuary
  7612 | Ossuary  | Reached skill level 10 in Spellcasting
  7647 | Ossuary  | Reached * piety under Vehumet
  7647 | Ossuary  | Offered knowledge of Flame Tongue by Vehumet.
  7721 | Ossuary  | Learned a level 1 spell: Flame Tongue
  8240 | D:6      | Reached skill level 10 in Conjurations
  8270 | D:6      | Found a white marble altar of Elyvilon.
  8272 | D:6      | Found an oddly glowing altar of Pakellas.
  8281 | D:6      | Found a stormy altar of Qazlal.
  8284 | D:6      | Found a glowing silver altar of Zin.
  8286 | D:6      | Found an iron altar of Okawaru.
  8402 | D:6      | Reached skill level 11 in Spellcasting
  8422 | D:6      | Reached XP level 9. HP: 40/45 MP: 26/26
  8543 | D:6      | Found a blossoming altar of Fedhas.
  8782 | D:6      | Offered knowledge of Shock by Vehumet.
  8924 | D:6      | Reached ** piety under Vehumet
  9057 | D:6      | Noticed Sigmund
  9067 | D:6      | Killed Sigmund
  9323 | D:6      | Reached skill level 12 in Spellcasting
 10059 | D:7      | Noticed Prince Ribbit
 10065 | D:7      | Killed Prince Ribbit
 10065 | D:7      | Offered knowledge of Throw Flame by Vehumet.
 10822 | D:8      | Reached skill level 13 in Spellcasting
 10922 | D:8      | Reached XP level 10. HP: 50/50 MP: 29/29
 10929 | D:8      | Learned a level 5 spell: Iskenderun's Battlesphere
 10937 | D:8      | Noticed Erica
 10943 | D:8      | Killed Erica
 10943 | D:8      | Reached *** piety under Vehumet
 11135 | D:8      | Found a basalt altar of Yredelemnul.
 11135 | D:8      | Found a snail-covered altar of Cheibriados.
 11260 | D:8      | Noticed Psyche
 11265 | D:8      | Killed Psyche
 11363 | D:9      | Found a staircase to the Lair.
 11363 | D:9      | Noticed an elephant
 11368 | D:9      | Killed an elephant
 11564 | D:9      | Offered knowledge of Static Discharge by Vehumet.
 11568 | D:9      | Reached skill level 14 in Spellcasting
 12104 | D:9      | Reached **** piety under Vehumet
 12226 | D:9      | Offered knowledge of Airstrike by Vehumet.
 12480 | D:9      | Reached XP level 11. HP: 54/54 MP: 31/31
 12507 | D:9      | Reached skill level 15 in Spellcasting
 12825 | D:9      | Gained mutation: Your spells are a little harder to cast, but a little more powerful. [potion of mutation]
 12825 | D:9      | Gained mutation: Scrolls take you a little longer to read. [potion of mutation]
 12825 | D:9      | Gained mutation: You have a pair of small horns on your head. [potion of mutation]
 12849 | D:10     | Entered Level 10 of the Dungeon
 12869 | D:10     | Noticed Maurice
 12875 | D:10     | Killed Maurice
 12942 | D:10     | Noticed Urug
 12947 | D:10     | Killed Urug
 13211 | D:10     | Found Hemiogg's Weapon Shop.
 13248 | D:10     | Noticed Snorg
 13254 | D:10     | Killed Snorg
 13825 | Lair:1   | Entered Level 1 of the Lair of Beasts
 14073 | Lair:1   | Reached skill level 16 in Spellcasting
 14075 | Lair:1   | Reached ***** piety under Vehumet
 14163 | Lair:1   | Offered knowledge of Lightning Bolt by Vehumet.
 14214 | Lair:1   | Learned a level 5 spell: Lightning Bolt
 14436 | Lair:1   | Noticed Gastronok
 14523 | Lair:1   | Got a transparent leather armour
 14548 | Lair:1   | Killed Gastronok
 14548 | Lair:1   | Reached skill level 17 in Spellcasting
 14548 | Lair:1   | Reached skill level 15 in Conjurations
 14548 | Lair:1   | Reached XP level 12. HP: 56/59 MP: 35/35
 14743 | Lair:1   | Identified the +1 leather armour of the Skies Above {Str+3} (You found it on level 1 of the Lair of Beasts)
 16755 | Lair:3   | Reached skill level 18 in Spellcasting
 16779 | Lair:3   | Got a crystal falchion
 16780 | Lair:3   | Identified the cursed +1 falchion "Beast's Death Toll" {drain, Str+3 Int+5 Stlth-} (You found it on level 3 of the Lair of Beasts)
 16864 | Lair:1   | Learned a level 2 spell: Swiftness
 17309 | Lair:3   | Reached skill level 1 in Shields
 17309 | Lair:3   | Reached skill level 1 in Charms
 17313 | Lair:3   | Reached skill level 1 in Air Magic
 17503 | Lair:3   | Learned a level 2 spell: Slow
 17949 | Lair:3   | Reached skill level 1 in Hexes
 18408 | Lair:4   | Offered knowledge of Conjure Ball Lightning by Vehumet.
 20051 | Lair:5   | Noticed a seven-headed hydra
 20051 | Lair:5   | Noticed a catoblepas
 20058 | Lair:5   | Killed a seven-headed hydra
 20058 | Lair:5   | Reached XP level 13. HP: 63/63 MP: 33/37
 21150 | Lair:6   | Found a viscous altar of Jiyva.
 21150 | Lair:6   | Found a staircase to the Slime Pits.
 21494 | Lair:6   | Learned a level 6 spell: Bolt of Fire
 21603 | Lair:6   | Found a staircase to the Snake Pit.
 21685 | Lair:6   | Reached skill level 5 in Shields
 21690 | Lair:6   | HP: 2/63 [black mamba (18)]
 21695 | Lair:6   | HP: 1/63 [black mamba (12)]
 21697 | Lair:6   | Demolished by a black mamba

Skill      XL: |  1  2  3  4  5  6  7  8  9 10 11 12 13 |
---------------+----------------------------------------+-----
Spellcasting   | 4 5 6 7 9 11 13 14 17 18 | 18.4
Conjurations   | 5 6 7 8 10 11 13 15 16 | 16.3
Shields        | 3 5 |  5.0
Charms         | 3 |  3.8
Air Magic      | 2 |  2.4
Hexes          | 3 |  3.0
Dodging        | |  2.4
Stealth        | |  2.4

Action                   |  1- 3 |  4- 6 |  7- 9 | 10-12 | 13-15 || total
-------------------------+-------+-------+-------+-------+-------++-------
Melee: Unarmed           |       |     5 |     1 |       |       ||     6
       Halberd           |       |       |    36 |    66 |       ||   102
       Headbutt          |       |       |       |     7 |       ||     7
       Falchion          |       |       |       |    18 |     2 ||    20
 Cast: Magic Dart        |    81 |   147 |   149 |   143 |    12 ||   532
       Iskenderun's Myst |       |    14 |    99 |   109 |    17 ||   239
       Flame Tongue      |       |       |    63 |   196 |    27 ||   286
       Iskenderun's Batt |       |       |       |    90 |    11 ||   101
       Lightning Bolt    |       |       |       |     5 |    14 ||    19
       Swiftness         |       |       |       |       |     1 ||     1
  Use: Scroll            |       |     2 |     5 |    21 |       ||    28
       Potion            |       |       |     5 |     2 |     4 ||    11
 Stab: Sleeping          |       |     1 |     1 |     2 |       ||     4
       Distracted        |       |       |       |     1 |       ||     1
  Eat: Chunk             |     2 |     9 |    31 |    16 |     1 ||    59
       Meat ration       |       |     1 |       |       |       ||     1
       Royal jelly       |       |       |       |     1 |     2 ||     3
       Fruit             |       |       |       |     3 |       ||     3
       Pizza             |       |       |       |     1 |       ||     1
Armor: Robe              |     1 |     8 |    22 |    23 |       ||    54
       Leather armour    |       |       |       |    22 |     9 ||    31
Dodge: Dodged            |     3 |    72 |    84 |   114 |    21 ||   294
Block: Buckler           |       |       |       |    21 |    12 ||    33
